 Dungeon Crawl Stone Soup version 0.28-a0-925-gd5e1996cdb (webtiles) character file.

Game seed: 4032500797827228449

79 octoduck the Caller (level 4, -4/36 HPs)
             Began as a Hill Orc Summoner on Nov 27, 2021.
             Killed from afar by an orc wizard (6 damage)
             ... with a puff of flame
             ... on level 3 of the Dungeon.
             The game lasted 00:07:54 (4313 turns).

octoduck the Caller (Hill Orc Summoner)             Turns: 4313, Time: 00:07:54

Health: -4/36      AC:  2    Str: 10    XL:     4   Next: 38%
Magic:  5/6        EV: 12    Int: 15    God:
Gold:   67         SH:  0    Dex: 12    Spells: 3/6 levels left

rFire   . . .      SeeInvis .   b - +0 war axe
rCold   . . .      Faith    .   (no shield)
rNeg    . . .      Spirit   .   a - +0 robe
rPois   .          Reflect  .   (no helmet)
rElec   .          Harm     .   (no cloak)
rCorr   .          Rampage  .   (no gloves)
Will    .....                   (no boots)
Stlth   ++........              (no amulet)
HPRegen 0.12/turn               (no ring)
MPRegen 0.10/turn               (no ring)

@: no status effects
A: no striking features
a: no special abilities


You were on level 3 of the Dungeon.
You visited 1 branch of the dungeon, and saw 3 of its levels.

You collected 67 gold pieces.

Inventory:

Hand Weapons
 b - a +0 war axe (weapon)
Armour
 a - a +0 robe (worn)
Jewellery
 e - an amulet of faith
Scrolls
 c - a scroll of enchant weapon {unknown}
 g - a scroll of fog {unknown}
 i - a scroll of amnesia
Potions
 d - a potion of might
 f - 2 potions of brilliance
 h - a potion of resistance {unknown}


   Skills:
 - Level 1.8 Fighting
 * Level 3.0 Axes
 - Level 1.5 Dodging
 - Level 1.5 Stealth
 - Level 1.5 Spellcasting
 + Level 4.7 Summonings


You had 3 spell levels left.
You knew the following spells:

 Your Spells              Type           Power      Damage    Failure   Level
a - Summon Small Mammal   Summ           60%        N/A       3%          1
b - Call Imp              Summ           15%        N/A       4%          2

Your spell library contained the following spells:

 Spells                   Type           Power      Damage    Failure   Level
 Call Canine Familiar     Summ           15%        N/A       10%         3
 Apportation              Tloc           2%         N/A       24%         1
 Summon Guardian Golem    Hex/Summ       8%         N/A       26%         3
 Summon Lightning Spire   Summ/Air       8%         N/A       65%         4
 Alistair's Intoxication  Tmut/Pois      0%         N/A       100%        5


Dungeon Overview and Level Annotations

Branches:
Dungeon (3/15)

Altars:
Gozag


Message History

The adder bites you but does no damage.
Your crimson imp hits something but does no damage.
You hit the adder.
The adder is heavily wounded.
The adder completely misses you.
Your crimson imp hits something but does no damage.
The adder closely misses you.
You hit the adder.
The adder is severely wounded.
The adder misses you.
Your crimson imp barely misses something.
The adder misses you.
Your crimson imp hits something.
You hit the adder.
The adder is almost dead.
The adder bites you.
* * * LOW HITPOINT WARNING * * *
You are poisoned.
The adder poisons you!
Your crimson imp misses something.
The adder barely misses you.
You hit the adder but do no damage.
The adder is almost dead.
You feel sick. The adder closely misses you.
Your crimson imp barely misses something.
Your crimson imp closely misses something.
The adder closely misses you.
You hit the adder.
You kill the adder!
You feel sick.
Your bat disappears in a puff of smoke!
Something hits you.
* * * LOW HITPOINT WARNING * * *
Your Axes skill increases to level 3!
You feel sick.
You feel sick.
You feel sick.
You are no longer poisoned.
You hear some strange, mumbled words.
A puff of flame appears from out of thin air!
The puff of flame hits you.
You die...

#.....#
#.....#
#...).#
#.....#####
#.>..§'.†.#
#...5.###5#
#.....# #{#
#.....# #.#
#.....#
#@######
#.....#
#......#
#.....#
######.#
#.....
#...# #.###
#.# #.# #.#
#.#


You could see a friendly crimson imp (summoned).

Vanquished Creatures
  2 adders
  2 worms
  2 dart slugs
  3 orcs (D:3)
  An endoplasm (D:2)
  2 giant cockroaches
  2 hobgoblins
  A quokka (D:3)
  A ball python (D:2)
  2 bats (D:3)
  4 frilled lizards
  2 goblins
  3 kobolds
  3 rats (D:1)
30 creatures vanquished.

Vanquished Creatures (collateral kills)
  2 worms
  3 ball pythons
  2 bats (D:1)
  2 endoplasms
  A goblin (D:1)
  3 hobgoblins
  2 kobolds
15 creatures vanquished.

Vanquished Creatures (others)
  2 plants (D:3)
2 creatures vanquished.

Grand Total: 47 creatures vanquished

Notes
Turn   | Place    | Note
-------+----------+-------------------------------------------
     0 | D:1      | octoduck the Hill Orc Summoner began the quest for the Orb.
     0 | D:1      | Reached XP level 1. HP: 14/14 MP: 3/3
   330 | D:1      | Reached skill level 1 in Fighting
   348 | D:1      | Reached XP level 2. HP: 5/23 MP: 4/4
   811 | D:1      | Noticed a floating eye
   812 | D:1      | Found a faded altar of an unknown god.
   815 | D:1      | Noticed a golden eye
   815 | D:1      | Noticed a great orb of eyes
   815 | D:1      | Noticed a shining eye
  2067 | D:1      | Learned a level 2 spell: Call Imp
  2178 | D:1      | Reached XP level 3. HP: 23/29 MP: 2/5
  2410 | D:2      | Reached skill level 1 in Axes
  3841 | D:3      | Reached XP level 4. HP: 14/36 MP: 6/6
  4100 | D:3      | Found an opulent altar of Gozag.
  4313 | D:3      | Killed from afar by an orc wizard

Illustrated notes

Levels and vault maps discovered:
D:1:      dpeg_arrival_lava_temple_mockup, layout_basic,
          hellmonk_ecumenical_altar_watching_god,
          chequers_serial_rivers_micro_e, minmay_close_crescents
D:2:      layout_basic
D:3:      layout_basic, mainiacjoe_overflow_boulevard

Skill      XL: |  1  2  3  4 |
---------------+-------------+-----
Fighting       | 1 |  1.8
Axes           | 2 3 |  3.0
Dodging        | |  1.5
Stealth        | |  1.5
Spellcasting   | |  1.5
Summonings     | |  4.7

Action                   |  1- 3 |  4- 6 || total
-------------------------+-------+-------++-------
Melee: Dagger            |    47 |       ||    47
       Unarmed           |     3 |       ||     3
       Club              |    13 |       ||    13
       War axe           |    44 |    23 ||    67
 Cast: Summon Small Mamm |    29 |     4 ||    33
       Call Imp          |     2 |     2 ||     4
  Use: Scroll            |     7 |       ||     7
 Stab: Sleeping          |     1 |       ||     1
Armor: Robe              |    23 |     6 ||    29
Dodge: Dodged            |    86 |    22 ||   108

Table legend: (Time is in decaauts)
 A = Elapsed time spent in this place.
 B = Non-inter-level travel time spent in this place.
 C = Inter-level travel time spent in this place.
 D = Time resting spent in this place.
 E = Time spent auto-exploring this place.
 F = Levels seen in this place.
 G = Mean time per level.
                   A        B        C        D        E       F      G
               +--------+--------+--------+--------+--------+-----+--------+
         Total |   4345 |   4098 |    247 |   1883 |   1480 |   3 | 1448.3 |
       Dungeon |   4345 |   4098 |    247 |   1883 |   1480 |   3 | 1448.3 |
               +--------+--------+--------+--------+--------+-----+--------+

Top non-repeatable levels by time:
     D:1: 2233 daAuts
     D:2: 1470 daAuts
     D:3: 641 daAuts
